 Dungeon Crawl Stone Soup version 0.29.1-12-g30fa7ad0bf (webtiles) character file.

Game seed: 9601445695025103814

110 venomsnake the Conjurer (level 4, -6/24 HPs)
             Began as a Deep Elf Conjurer on Dec 26, 2022.
             Killed by nerve-wracking pain
             ... invoked by Grinder
              (12 damage)
             ... on level 4 of the Dungeon.
             The game lasted 00:06:40 (2917 turns).

venomsnake the Conjurer (Deep Elf Conjurer)         Turns: 2917, Time: 00:06:41

Health: -6/24      AC:  4    Str:  4    XL:     4   Next: 61%
Magic:  0/12       EV: 27    Int: 25    God:
Gold:   113        SH:  0    Dex: 13    Spells: 9/12 levels left

rFire   . . .      SeeInvis .   (no weapon)
rCold   . . .      Faith    .   (no shield)
rNeg    . . .      Spirit   .   a - +0 robe
rPois   .          Reflect  .   m - +2 hat
rElec   .          Harm     .   (no cloak)
rCorr   .          Rampage  .   (no gloves)
Will    +....                   (no boots)
Stlth   ++........              k - amulet of the acrobat
HPRegen 0.08/turn               g - ring of willpower
MPRegen 0.13/turn               (no ring)

@: acrobatic
A: no striking features
a: no special abilities


You were on level 4 of the Dungeon.
You visited 1 branch of the dungeon, and saw 4 of its levels.

You collected 113 gold pieces.

Inventory:

Armour
 a - a +0 robe (worn)
 m - a +2 hat (worn)
Jewellery
 g - a ring of willpower (left hand)
 k - an amulet of the acrobat (around neck)
Scrolls
 c - a scroll of torment {unknown}
 d - a scroll of identify {unknown}
 e - a scroll of magic mapping {unknown}
 f - a scroll of fear {unknown}
 l - a scroll of teleportation {unknown}
 n - a scroll of butterflies {unknown}
Potions
 b - a potion of magic
 h - a potion of attraction {unknown}
 i - a potion of brilliance {unknown}
 j - a potion of ambrosia {unknown}


   Skills:
 - Level 2.4 Dodging
 - Level 2.4 Stealth
 + Level 4.5 Spellcasting
 + Level 5.2 Conjurations
 + Level 2.5 Translocations


You had 9 spell levels left.
You knew the following spells:

 Your Spells              Type           Power      Damage    Failure   Level
a - Magic Dart            Conj           100%       1d8       1%          1
b - Searing Ray           Conj           64%        2d6       1%          2

Your spell library contained the following spells:

 Spells                   Type           Power      Damage    Failure   Level
 Dazzling Flash           Conj/Hex       36%        N/A       9%          3
 Iskenderun's Mystic Bla  Conj/Tloc      25%        2d7       17%         4
 Tukima's Dance           Hex            5%         N/A       26%         3
 Fulminant Prism          Conj/Hex       9%         3d7       28%         4
 Passage of Golubria      Tloc           18%        N/A       30%         4
 Yara's Violent Unravell  Hex/Tmut       2%         3d3       94%         5


Dungeon Overview and Level Annotations

Branches:
Dungeon (4/15)
 Temple: D:4-7

Altars:

Shops:
D:3 !

Annotations:
D:4 Grinder


Message History

Grinder is severely wounded.
Grinder says, "My boss said I was rubbish.
His entrails said otherwise."
Grinder gestures at you. You resist with some effort.
There is an open door here.
The hound barks!
Casting: Magic Dart (safe; 1% risk of failure)
Confirm with . or Enter, or press ? or * to list all spells.
Aiming: Searing Ray (safe; 1% risk of failure)
Press: ? - help, Shift-Dir - straight line, f/p - Grinder
Aim: Grinder (severely wounded, 78% to hit)
The searing ray hits Grinder!
Grinder is almost dead. (Press . to maintain the ray.) Grinder barely misses you.
The hound bites you.
Casting: Searing Ray (safe; 1% risk of failure)
Confirm with . or Enter, or press ? or * to list all spells.
You don't have enough magic to cast this spell.
Unknown command.
Casting: Searing Ray (safe; 1% risk of failure)
Confirm with . or Enter, or press ? or * to list all spells.
Aiming: Magic Dart (safe; 1% risk of failure)
Press: ? - help, Shift-Dir - straight line, f/p - Grinder
Aim: Grinder (almost dead, 100% to hit)
The magic dart hits Grinder.
Grinder is almost dead.
The hound barely misses you. Grinder completely misses you.
The hound barely misses you. The hound attacks as you move away!
The hound barely misses you. Grinder gestures at you.
Pain shoots through your body! Grinder attacks as you move away!
Grinder hits you.
You writhe in agony.
* * * LOW HITPOINT WARNING * * *
The hound misses you. Grinder attacks as you move away!
Grinder completely misses you.
Found a stone staircase leading down.
Grinder gestures at you. Pain shoots through your body!
Ouch! That really hurt!
You die...

# .#. # ##+## ..
##.(.## .# ##.....##
#######.# ##..>....##
#...[...###
#?........###.........#
'.........'....5h.###.#
#.........###.....# #
##.......## #.#.@.##
##.....## #.##..$..>#
##...## #<##.#.####
##+## #......# ####.###
#.# #.# #.# .#


You could see Grinder and a hound.

Vanquished Creatures
  3 adders
  A worm (D:2)
  2 dart slugs
  5 orcs (D:3)
  5 bats
  4 endoplasms
  A giant cockroach (D:3)
  6 goblins
  8 hobgoblins
  4 jackals (D:3)
  6 kobolds (D:3)
  5 quokkas
  5 ball pythons
  4 frilled lizards (D:3)
  10 rats
69 creatures vanquished.

Vanquished Creatures (others)
  7 plants (D:3)
7 creatures vanquished.

Grand Total: 76 creatures vanquished

Notes
Turn   | Place    | Note
-------+----------+-------------------------------------------
     0 | D:1      | venomsnake the Deep Elf Conjurer began the quest for the
                  | Orb.
     0 | D:1      | Reached XP level 1. HP: 10/10 MP: 6/6
    58 | D:1      | Noticed an eye of devastation
    90 | D:1      | Noticed a golden eye
   146 | D:1      | Noticed a shining eye
   148 | D:1      | Found a faded altar of an unknown god.
   151 | D:1      | Noticed a floating eye
   281 | D:1      | Reached skill level 1 in Translocations
   281 | D:1      | Reached XP level 2. HP: 15/15 MP: 5/8
   647 | D:1      | Learned a level 2 spell: Searing Ray
   926 | D:1      | Reached XP level 3. HP: 19/19 MP: 5/10
  1908 | D:3      | Reached skill level 5 in Conjurations
  1985 | D:3      | Found Ihiopsydgh's Distillery.
  2194 | D:3      | Reached XP level 4. HP: 24/24 MP: 7/12
  2710 | D:4      | Noticed Grinder
  2879 | D:4      | Paralysed by Grinder for 5 turns
  2917 | D:4      | Killed from afar by Grinder

Illustrated notes

Levels and vault maps discovered:
D:1:      lemuel_arrival_tunnels, layout_basic,
          hellmonk_ecumenical_altar_watching_god
D:2:      minmay_recursive_quarters, layout_loops_cross, serial_shops,
          nicolae_shop_crystal
D:3:      layout_loops_cross, serial_shops, nicolae_shop_hallway_plus,
          lexackson_kobold_supper
D:4:      layout_loops_corners, minmay_bisected, uniq_grinder

Skill      XL: |  1  2  3 |
---------------+----------+-----
Translocations | 1 2 |  2.5
Spellcasting   | 4 |  4.5
Conjurations   | 5 |  5.2
Dodging        | |  2.4
Stealth        | |  2.4

Action                   |  1- 3 |  4- 6 || total
-------------------------+-------+-------++-------
 Cast: Magic Dart        |    82 |    42 ||   124
       Searing Ray       |     5 |     6 ||    11
Armor: Robe              |       |     1 ||     1
Dodge: Dodged            |     2 |    10 ||    12
